 Dungeon Crawl Stone Soup version 0.18.1-48-g4cf74bf (webtiles) character file.

399 Qew7 the Ruffian (level 6, 61/61 HPs)
             Began as a Troll Monk on Aug 23, 2016.
             Starved to death
             ... on level 4 of the Dungeon on Sept 5, 2016.
             The game lasted 00:13:35 (2493 turns).

Qew7 the Ruffian (Troll Monk)                       Turns: 2493, Time: 00:13:36

Health: 61/61      AC: 10    Str: 21    XL:     6   Next: 54%
Magic:  5/5        EV: 12    Int:  6    God:
Gold:   161        SH:  0    Dex: 17    Spells: 0 memorised, 5 levels left

rFire  . . .     SeeInvis .       - Unarmed
rCold  . . .     Gourm    +     o - +1 robe of Ejumiade {-Tele Dex+4}
rNeg   . . .     Faith    .     (no shield)
rPois  .         Spirit   .     i - +2 hat
rElec  .         Dismiss  .     j - +1 cloak
rCorr  .         Reflect  .     (gloves unavailable)
SustAt .         Harm     .     (boots unavailable)
MR     .....     NoTele   +     (no amulet)
Stlth  ++........               (no ring)
                                (no ring)

@: fainting, not resistant to hostile enchantments, unstealthy
A: unfitting armour, claws 3, fast metabolism 3, gourmand, regeneration 2,
shaggy fur 1, tough skin 2
a: no special abilities


You were on level 4 of the Dungeon.
You were fainting.

You visited 1 branch of the dungeon, and saw 4 of its levels.

You collected 161 gold pieces.

Inventory:

Hand Weapons
 e - a +3 quarterstaff of chaos
Armour
 a - a +0 robe
 f - a +1 cloak
 i - a +2 hat (worn)
 j - a +1 cloak (worn)
 o - the +1 robe of Ejumiade (worn) {-Tele Dex+4}
   (You found it on level 4 of the Dungeon)

   It affects your dexterity (+4).
   It prevents most forms of teleportation.
Scrolls
 b - a scroll of magic mapping
 c - a scroll of recharging
 d - 2 scrolls of teleportation
 h - a scroll of remove curse
Potions
 g - a potion of curing
 l - 2 potions of haste


   Skills:
 + Level 3.6 Fighting
 + Level 3.8 Dodging
 + Level 1.8 Stealth
 + Level 5.7 Unarmed Combat


You had 5 spell levels left.
You didn't know any spells.

Dungeon Overview and Level Annotations

Branches:
Dungeon (4/15)
 Temple: D:4-7

Altars:
Ashenzari
Dithmenos
Elyvilon
Sif Muna
Zin


Innate Abilities, Weirdness & Mutations

You are too large for most types of armour.
You have claws for hands.
Your metabolism is lightning-fast.
You like to eat raw meat.
You heal very quickly.
You are covered in fur (AC +1).
You have very tough skin (AC +2).


Message History

A magic dart appears from out of thin air!
The magic dart hits you!
You claw something!
Reactivating autopickup.
You feel a bit more experienced.
You claw the orc!
You kill the orc!
Items here: ))))) [[[ ††
Okay, then.
Found an embroidered cloak.
Found a shattered altar of Ashenzari.
You feel a little less clever now.
You now have 161 gold pieces (gained 18).
You lose consciousness!
You can move again.
Found a stone staircase leading down.
You see here an embroidered cloak.
f - an embroidered cloak You have starved to death.
You die...

###.. #.#
#..#####)#####.
#...............
###.##.......##..#
#.............#
.._..####.##.##..#
.#. #>............
#.##.##.##..#.. #
#@##.# ..#..
#........#
####.##.. .. #.. .


There were no monsters in sight!

Vanquished Creatures
  An ogre (D:4)
  Crazy Yiuf (D:2)
  A giant frog skeleton (D:3)
  Ijyb (D:2)
  An orc wizard (D:4)
  Natasha (twice) (D:4)
  A hound skeleton (D:3)
  3 adders
  4 gnolls (D:4)
  A worm (D:3)
  4 dart slugs
  2 giant geckos
  4 orcs (D:4)
  8 bats
  5 giant cockroaches
  8 goblins
  4 hobgoblins
  4 jackals (D:1)
  8 kobolds
  2 quokkas (D:3)
  A ball python (D:1)
  2 giant newts
  7 rats
75 creatures vanquished.

Notes
Turn   | Place    | Note
--------------------------------------------------------------
     0 | D:1      | Qew7 the Troll Monk began the quest for the Orb.
     0 | D:1      | Reached XP level 1. HP: 22/22 MP: 0/0
   187 | D:1      | Reached XP level 2. HP: 27/29 MP: 1/1
   576 | D:1      | Reached XP level 3. HP: 33/36 MP: 2/2
  1063 | D:2      | Found a glowing silver altar of Zin.
  1075 | D:2      | Noticed Ijyb
  1088 | D:2      | Killed Ijyb
  1088 | D:2      | Reached XP level 4. HP: 30/44 MP: 3/3
  1262 | D:2      | Found a shadowy altar of Dithmenos.
  1402 | D:2      | Noticed Crazy Yiuf
  1410 | D:2      | Killed Crazy Yiuf
  1410 | D:2      | Reached skill level 5 in Unarmed Combat
  1832 | D:3      | Found a deep blue altar of Sif Muna.
  1874 | D:3      | Found a white marble altar of Elyvilon.
  1899 | D:3      | Reached XP level 5. HP: 50/53 MP: 4/4
  2338 | D:4      | Got a fabulously ornate robe
  2349 | D:4      | Identified the +1 robe of Ejumiade {-Tele Dex+4} (You found it on level 4 of the Dungeon)
  2355 | D:4      | Noticed an ogre
  2361 | D:4      | Killed an ogre
  2361 | D:4      | Reached XP level 6. HP: 61/61 MP: 5/5
  2369 | D:4      | Noticed Natasha
  2376 | D:4      | Killed Natasha
  2397 | D:4      | Noticed Natasha
  2401 | D:4      | Killed Natasha
  2478 | D:4      | Found a shattered altar of Ashenzari.
  2482 | D:4      | Paralysed by fainting for 7 turns
  2493 | D:4      | Starved to death

Skill      XL: |  1  2  3  4 |
---------------+-------------+-----
Fighting       | 3 |  3.6
Dodging        | 3 |  3.8
Unarmed Combat | 5 |  5.7
Stealth        | |  1.8

Action                   |  1- 3 |  4- 6 || total
-------------------------+-------+-------++-------
Melee: Unarmed           |    94 |   110 ||   204
       Punch             |     2 |     1 ||     3
  Use: Scroll            |     7 |     6 ||    13
       Potion            |       |     3 ||     3
 Stab: Sleeping          |     2 |     3 ||     5
  Eat: Bread ration      |     1 |     1 ||     2
       Fruit             |     3 |     1 ||     4
       Meat ration       |       |     1 ||     1
Armor: Robe              |    33 |    39 ||    72
Dodge: Dodged            |    46 |    54 ||   100
